 Dungeon Crawl Stone Soup version 0.27-a0-1219-g958d993ae5 (webtiles) character file.

Game seed: 3255845222304210537

974 bande the Skirmisher (level 8, -4/51 HPs)
             Began as a Gargoyle Fighter on June 6, 2021.
             Slain by Prince Ribbit (11 damage)
             ... on level 5 of the Dungeon on June 7, 2021.
             The game lasted 00:09:36 (6681 turns).

bande the Skirmisher (Gargoyle Fighter)             Turns: 6681, Time: 00:09:37

Health: -4/51      AC: 15    Str: 21    XL:     8   Next: 16%
Magic:  8/8        EV:  8    Int:  9    God:
Gold:   1266       SH:  9    Dex: 10    Spells: 7/7 levels left

rFire    + . .     SeeInvis .   a - +0 war axe
rCold    . . .     Faith    .   c - +0 kite shield
rNeg     + . .     Spirit   .   b - +0 scale mail
rPois    ∞         Reflect  .   q - +0 helmet
rElec    +         Harm     .   f - +0 cloak
rCorr    .         Rampage  .   (no gloves)
Will     .....                  (no boots)
Stlth    ..........             (no amulet)
HPRegen  0.17/turn              g - ring of protection from fire
MPRegen  0.11/turn              (no ring)

@: mighty, studying Fighting
A: sickness immunity, AC +5, negative energy resistance 1, electricity
resistance, torment resistance 1, petrification resistance
a: no special abilities


You were on level 5 of the Dungeon.
You visited 2 branches of the dungeon, and saw 7 of its levels.
You also visited: Sewer.

You collected 1266 gold pieces.

Inventory:

Hand Weapons
 a - a +0 war axe (weapon)
 p - a +0 flail
Missiles
 e - a curare-tipped dart (quivered)
 n - 2 throwing nets
Armour
 b - a +0 scale mail (worn)
 c - a +0 kite shield (worn)
 f - a +0 cloak (worn)
 q - a +0 helmet (worn)
Jewellery
 g - a ring of protection from fire (left hand)
 r - an amulet of regeneration
Wands
 h - a wand of acid (10)
 l - a wand of iceblast (5)
Scrolls
 m - a scroll of magic mapping {unknown}
 o - a scroll of identify {unknown}
Potions
 d - a potion of might
 i - 2 potions of haste
 j - a potion of curing
 k - 2 potions of flight {unknown}
 s - a potion of degeneration {unknown}


   Skills:
 + Level 5.6 Fighting
 + Level 5.2 Axes
 + Level 5.4 Armour
 + Level 1.7 Dodging
 + Level 4.7 Shields
 * Level 3.0 Evocations


You had 7 spell levels left.
You didn't know any spells.
Your spell library contained the following spells:

 Spells                   Type           Power      Damage    Failure   Level
 Sandblast                Erth           0%         2d4       98%         1
 Passwall                 Tmut/Erth      0%         N/A       99%         2
 Stone Arrow              Conj/Erth      0%         3d7       100%        3
 Petrify                  Tmut/Erth      0%         N/A       100%        4
 Lee's Rapid Deconstruct  Erth           0%         3d5*      100%        5


Dungeon Overview and Level Annotations

Branches:
Dungeon (6/15)             Temple (1/1) D:4           Sewer (visited)

Altars:
Ashenzari
Cheibriados
Elyvilon
Gozag
Makhleb
Nemelex Xobeh
Qazlal
Wu Jian
Xom
Yredelemnul
Zin
The Shining One

Annotations:
D:5 Prince Ribbit


Innate Abilities, Weirdness & Mutations

You are immune to sickness and miasma.
Your stone body is resilient. (AC +5)
You are immune to poison.
You resist negative energy. (rN+)
You are resistant to electric shocks. (rElec)
You are resistant to unholy torment.
You are immune to petrification.


Message History

Prince Ribbit completely misses you. 2 orcs come into view.
The orc shouts! x2
Prince Ribbit blinks!
The orc hits you but does no damage.
You feel very mighty all of a sudden.
An orc comes into view. It is wielding a +0 club.
You block the orc's attack.
You closely miss the orc.
The orc shouts!
You slash the ice beast!
Prince Ribbit blinks!
The ice beast hits you. The ice beast freezes you! You block the orc's attack.
You hit the orc.
The orc is heavily wounded.
You hit the ice beast.
The ice beast hits you but does no damage.
The orc priest calls down the wrath of Beogh upon you.
Beogh smites you!
* * * LOW HITPOINT WARNING * * *
You block the orc's attack. You block the ice beast's attack.
The orc hits you but does no damage.
You slash the orc!
You kill the orc!
You hit the ice beast.
The ice beast hits you but does no damage.
You slice the orc priest!!
You kill the orc priest!
You slash the ice beast!
You kill the ice beast!
Your Evocations skill increases to level 3!
Unknown command.
The orc barely misses you.
Things that are here:
a +0 flail; a +0 hand axe; an orc corpse You closely miss Prince Ribbit.
Prince Ribbit is lightly wounded.
You completely miss the orc.
Prince Ribbit blinks!
The orc hits you with a +0 club.
* * * LOW HITPOINT WARNING * * *
Prince Ribbit hits you!
You die...

..... #.... #....
#[... #.... #....##
#.....### #####
#.(.....#####......
#........F@)oo.....
#.......#####o....#
##....### #####
##...# ####
#...#######..## #..
#.............# ...
#.......##....##
#### ...
#.....######...#
##... ... #....##
#...# ##..##


You could see Prince Ribbit and 3 orcs.

Vanquished Creatures
  Edmund (D:4)
  A water moccasin (D:5)
  An ice beast (D:5)
  A kobold brigand (Sewer)
  A water moccasin zombie (D:3)
  A hound (D:4)
  A jelly (D:4)
  2 orc priests
  2 centaur skeletons (D:4)
  A scorpion zombie (D:4)
  An iguana (D:5)
  2 orc wizards
  7 gnolls (D:5)
  A river rat (Sewer)
  9 adders
  An ufetubus (D:5)
  2 worms
  A dart slug (D:1)
  8 orcs
  6 bats
  8 endoplasms
  6 giant cockroaches
  3 goblins
  9 hobgoblins
  7 jackals
  10 kobolds
  A quokka (D:1)
  7 ball pythons
  2 frilled lizards
  8 rats
111 creatures vanquished.

Notes
Turn   | Place    | Note
-------+----------+-------------------------------------------
     0 | D:1      | bande the Gargoyle Fighter began the quest for the Orb.
     0 | D:1      | Reached XP level 1. HP: 14/14 MP: 1/1
   124 | D:1      | Identified 2 scrolls of acquirement
   124 | D:1      | Acquired 1070 gold pieces
   126 | D:1      | Acquired a manual of Fighting
   178 | D:1      | Reached XP level 2. HP: 18/19 MP: 2/2
   845 | D:2      | Reached XP level 3. HP: 8/24 MP: 3/3
  1698 | D:2      | Found a faded altar of an unknown god.
  2044 | D:3      | Found a snail-covered altar of Cheibriados.
  2128 | D:3      | Reached XP level 4. HP: 27/29 MP: 4/4
  2244 | D:3      | Found a sparkling altar of Nemelex Xobeh.
  2286 | D:3      | Reached XP level 5. HP: 27/34 MP: 5/5
  2375 | D:3      | Found a glowing golden altar of the Shining One.
  2520 | D:3      | Reached skill level 1 in Evocations
  3327 | D:4      | HP: 1/34 [something (1)]
  3378 | D:4      | Found a glowing drain.
  3396 | D:4      | Reached XP level 6. HP: 21/40 MP: 6/6
  3433 | D:4      | Reached skill level 1 in Dodging
  3468 | Sewer    | Entered a sewer
  3763 | Sewer    | Reached skill level 5 in Fighting
  4083 | Sewer    | Found a glowing silver altar of Zin.
  4300 | D:4      | Found a staircase to the Ecumenical Temple.
  4315 | Temple   | Entered the Ecumenical Temple
  4608 | D:4      | Noticed Edmund
  4636 | D:4      | Killed Edmund
  4637 | D:4      | Reached XP level 7. HP: 5/44 MP: 7/7
  5617 | D:5      | Entered Level 5 of the Dungeon
  5739 | D:5      | Reached skill level 5 in Armour
  5774 | D:5      | Noticed Prince Ribbit
  6496 | D:5      | Reached skill level 5 in Axes
  6498 | D:5      | Reached XP level 8. HP: 35/50 MP: 8/8
  6681 | D:5      | Slain by Prince Ribbit

Illustrated notes

Levels and vault maps discovered:
D:1:      minmay_arrival_three_doors, layout_basic, chequers_mini_garden
D:2:      layout_loops_ring, ebering_ecumenical_altar_webs
D:3:      layout_basic, lemuel_round_altar, amcnicky_altar_gilded,
          tso_metal_star
D:4:      layout_loops_ring, minmay_temple_entry_statues_fountains,
          gup_sewer_entry_glass, kennysheep_opposing_triangles, uniq_edmund
D:5:      layout_layer_cave, minitemple, uniq_prince_ribbit1, uniq_sigmund
D:6:      layout_cave_pools, fedhas_altar_4, nicolae_uskayaw_dance_hall
Temple:   compressed_dpeg_triangle_lava_temple

Skill      XL: |  1  2  3  4  5  6  7  8 |
---------------+-------------------------+-----
Axes           | 2 3 4 5 |  5.2
Fighting       | 4 5 |  5.6
Armour         | 4 5 |  5.4
Evocations     | 1 2 3 |  3.0
Dodging        | 1 |  1.7
Shields        | 4 |  4.7

Action                   |  1- 3 |  4- 6 |  7- 9 || total
-------------------------+-------+-------+-------++-------
Melee: War axe           |   117 |   246 |    97 ||   460
  Use: Scroll            |     5 |       |       ||     5
       Potion            |     3 |     8 |     2 ||    13
Armor: Scale mail        |    67 |   178 |    67 ||   312
Dodge: Dodged            |    38 |    73 |    32 ||   143
Block: Kite shield       |    45 |   117 |    63 ||   225

Table legend: (Time is in decaauts)
 A = Elapsed time spent in this place.
 B = Non-inter-level travel time spent in this place.
 C = Inter-level travel time spent in this place.
 D = Time resting spent in this place.
 E = Time spent auto-exploring this place.
 F = Levels seen in this place.
 G = Mean time per level.
                   A        B        C        D        E       F      G
               +--------+--------+--------+--------+--------+-----+--------+
         Total |   6944 |   6790 |    154 |   1915 |   3548 |   8 |  868.0 |
       Dungeon |   5995 |   5841 |    154 |   1429 |   3223 |   6 |  999.2 |
        Temple |    238 |    238 |      0 |      0 |    200 |   1 |  238.0 |
         Sewer |    710 |    710 |      0 |    486 |    125 |   1 |  710.0 |
               +--------+--------+--------+--------+--------+-----+--------+

Top non-repeatable levels by time:
     D:4: 1534 daAuts
     D:3: 1384 daAuts
     D:2: 1138 daAuts
     D:5: 879 daAuts
     D:1: 840 daAuts
   Sewer: 710 daAuts
  Temple: 238 daAuts
     D:6: 217 daAuts
